 Seeded DCSS version 0.30-a0-728-gc68057be0a (webtiles) character file.

Game seed: 13378002285222283535 (custom seed)

37 hikkokomori the Covered (level 3, -5/28 HPs)
             Began as a Demigod Wanderer on Jan 30, 2023.
             Slain by a gnoll
             ... wielding a +0 halberd
              (8 damage)
             ... on level 2 of the Dungeon.
             The game lasted 00:01:20 (1058 turns).

hikkokomori the Covered (Demigod Wanderer)          Turns: 1058, Time: 00:01:21

Health: -5/28      AC:  9    Str: 18    XL:     3   Next: 8%
Magic:  19/19      EV:  9    Int: 16    God:
Gold:   76         SH:  0    Dex: 10    Spells: 7/8 levels left

rFire   . . .      SeeInvis .    e - +0 flail
rCold   . . .      Faith    .    (no shield)
rNeg    . . .      Spirit   .    d - +2 scale mail
rPois   .          Reflect  .    (no helmet)
rElec   .          Harm     .    (no cloak)
rCorr   .          Rampage  .    (no gloves)
Will    .....                    (no boots) Stlth
                                 (no amulet)
HPRegen 0.24/turn                l - ring of magical power
MPRegen 0.16/turn                (no ring)

@: no status effects
A: high MP 1, forlorn, divine attributes
a: no special abilities


You were on level 2 of the Dungeon.
You visited 1 branch of the dungeon, and saw 2 of its levels.

You collected 76 gold pieces.

Inventory:

Hand Weapons
 a - a +0 club
 e - a +0 flail (weapon)
Armour
 d - a +2 scale mail (worn)
Jewellery
 l - a ring of magical power (left hand)
Wands
 b - a wand of flame (4)
Scrolls
 f - a scroll of identify {unknown}
 g - a scroll of enchant weapon {unknown}
 h - a scroll of torment {unknown}
 i - a scroll of fear {unknown}
 j - a scroll of immolation {unknown}
 k - 2 scrolls of enchant armour {unknown}
 n - a scroll of fog {unknown}
Potions
 c - a potion of heal wounds
 m - a potion of curing {unknown}
 o - a potion of flight {unknown}
 p - a potion of might {unknown}


   Skills:
 + Level 1.5 Fighting
 - Level 4.5 Armour
 + Level 0.8 Stealth
 + Level 3.2 Spellcasting
 - Level 1.7 Evocations


You had 7 spell levels left.
You knew the following spells:

 Your Spells              Type           Power      Damage    Failure   Level
a - Apportation           Tloc           4%         N/A       50%         1

Your spell library contained the following spells:

 Spells                   Type           Power      Damage    Failure   Level
 Inner Flame              Hex/Fire       2%         N/A       86%         3
 Teleport Other           Tloc           2%         N/A       86%         3
 Flame Wave               Conj/Fire      2%         2d4       99%         4
 Sticky Flame             Conj/Fire      2%         2d3       99%         4


Dungeon Overview and Level Annotations

Branches:
Dungeon (2/15)


Innate Abilities, Weirdness & Mutations

You have an increased reservoir of magic. (+10% MP)
You shall have no god before yourself.
Your divine heritage dramatically boosts your attributes as you level up.


Message History

You are too injured to fight recklessly!
You are too injured to fight recklessly!
You are too injured to fight recklessly!
You are too injured to fight recklessly!
You are too injured to fight recklessly!
You are too injured to fight recklessly!
An adder is nearby!
An adder is nearby!
Unknown command.
You closely miss the adder.
The adder is almost dead.
The adder bites you but does no damage. The adder barely misses you.
You hit the adder but do no damage. You punch the adder.
You kill the adder!
You have reached level 3!
Your experience leads to a dramatic increase in your attributes!
Increase (S)trength, (I)ntelligence, or (D)exterity?
You feel stronger. x4
You now have 76 gold pieces (gained 6).
p - a coppery potion A gnoll comes into view.
It is wielding a +0 halberd.
The gnoll shouts!
A gnoll comes into view. It is wielding a +0 flail.
There are monsters nearby!
There are monsters nearby!
A gnoll comes into view. It is wielding a +0 flail.
The gnoll shouts! x2; You hear a shout!
A gnoll comes into view. It is wielding a +0 flail.
The gnoll hits you from afar with a +0 halberd!
The gnoll hits you with a +0 flail. The gnoll hits you with a +0 halberd.
You sock the gnoll!
The gnoll is heavily wounded.
The gnoll hits you with a +0 flail. x2; The gnoll hits you but does no damage.
The gnoll hits you with a +0 flail.
* * * LOW HITPOINT WARNING * * *
The gnoll hits you with a +0 halberd.
* * * LOW HITPOINT WARNING * * *
The gnoll hits you but does no damage.
The gnoll hits you from afar with a +0 halberd!
You die...

..........................######.
.................................
#######.###.#.###................
#######.# #.#.# #...............)
........# #†#.# #................
........# #.#.###................
#######.###.#............#######.
#......########.##..(......
#.........@...........####.
#......####g##..####.## ##
#......#..g.g...# ... #
#......#.......## .# #
#......#.......# # ##
#......#######.# #..##. #......#
.# #..... #.###### # #. ##..##
#...####.


You could see 2 gnolls.

Vanquished Creatures
  An adder (D:2)
  3 dart slugs
  2 ball pythons (D:2)
  A giant cockroach (D:2)
  3 goblins
  2 hobgoblins (D:1)
  3 jackals (D:1)
  2 bats
  3 frilled lizards (D:2)
  A kobold (D:1)
  A rat (D:1)
22 creatures vanquished.

Notes
Turn   | Place    | Note
-------+----------+-------------------------------------------
     0 | D:1      | hikkokomori the Demigod Wanderer began the quest for the
                  | Orb.
     0 | D:1      | hikkokomori set off with the following items: a +0 club, a
                  | wand of flame (4), a potion of heal wounds, a +2 scale
                  | mail; and the following spell memorised: Apportation; and
                  | the following spells available to memorise: Teleport Other.
     0 | D:1      | Reached XP level 1. HP: 14/14 MP: 6/6
   138 | D:1      | Reached skill level 1 in Fighting
   262 | D:1      | Reached XP level 2. HP: 23/23 MP: 8/8
   954 | D:2      | Reached XP level 3. HP: 13/28 MP: 10/10
  1058 | D:2      | Slain by a gnoll

Illustrated notes

Levels and vault maps discovered:
D:1:      dpeg_arrival_connections, layout_basic
D:2:      layout_basic, chequers_jeans, minmay_close_crescents

Skill      XL: |  1 |
---------------+----+-----
Fighting       | 1 |  1.5
Spellcasting   | 3 |  3.2
Armour         | |  4.5
Stealth        | |  0.8
Evocations     | |  1.7

Action                     || total
---------------------------++-------
  Melee: Flail             ||    79
         Punch             ||     1
 Armour: Scale mail        ||    61
  Dodge: Dodged            ||    50

Table legend: (Time is in decaauts)
 A = Elapsed time spent in this place.
 B = Non-inter-level travel time spent in this place.
 C = Inter-level travel time spent in this place.
 D = Time resting spent in this place.
 E = Time spent auto-exploring this place.
 F = Levels seen in this place.
 G = Mean time per level.
                   A        B        C        D        E       F      G
               +--------+--------+--------+--------+--------+-----+--------+
         Total |   1088 |   1034 |     54 |      0 |    842 |   2 |  544.0 |
       Dungeon |   1088 |   1034 |     54 |      0 |    842 |   2 |  544.0 |
               +--------+--------+--------+--------+--------+-----+--------+

Top non-repeatable levels by time:
     D:1: 632 daAuts
     D:2: 456 daAuts
